 Dungeon Crawl Stone Soup version 0.26-a0-497-g0187308201 (webtiles) character file.

Game seed: 17625246455555242717

373 KristoblXynda the Sneak (level 6, -17/52 HPs)
             Began as a Naga Gladiator on Aug 6, 2020.
             Demolished by an ogre
             ... wielding a +0 giant club
              (30 damage)
             ... on level 4 of the Dungeon.
             The game lasted 00:04:04 (2533 turns).

KristoblXynda the Sneak (Naga Gladiator)            Turns: 2533, Time: 00:04:05

Health: -17/52     AC:  6    Str: 17    XL:     6   Next: 72%
Magic:  6/6        EV: 13    Int: 10    God:
Gold:   93         SH:  0    Dex: 12    Spells: 5/5 levels left

rFire    . . .     SeeInvis +   a - +0 long sword
rCold    . . .     Faith    .   (no shield)
rNeg     . . .     Spirit   .   m - +0 scale mail
rPois    +         Reflect  .   c - +0 helmet
rElec    .         Harm     .   (no cloak)
rCorr    .                      (no gloves)
MR       .....                  (no barding)
Stlth    +.........             (no amulet)
HPRegen  0.17/turn              l - +4 ring of evasion
MPRegen  0.10/turn              (no ring)

@: short of breath, very slow
A: large, see invisible, deformed body, poison resistance, slowness 2, spit
poison 1, AC +2
a: Spit Poison


You were on level 4 of the Dungeon.
You visited 1 branch of the dungeon, and saw 3 of its levels.

You collected 93 gold pieces.

Inventory:

Hand Weapons
 a - a +0 long sword (weapon)
Missiles
 d - 3 throwing nets (quivered)
Armour
 c - a +0 helmet (worn)
 m - a +0 scale mail (worn)
Jewellery
 l - a +4 ring of evasion (left hand)
 r - a +6 ring of intelligence {unknown}
Wands
 n - a wand of polymorph (8)
Scrolls
 b - a scroll of identify {unknown}
 e - a scroll of blinking {unknown}
 f - a scroll of random uselessness {unknown}
 g - a scroll of fear {unknown}
 j - a scroll of amnesia {unknown}
 k - a scroll of remove curse
 p - a scroll of teleportation
 q - a scroll of fog {unknown}
Potions
 h - a potion of heal wounds {unknown}
 i - a potion of ambrosia {unknown}
 o - a potion of brilliance {unknown}


   Skills:
 - Level 2.0 Fighting
 + Level 4.4 Long Blades
 - Level 2.0 Throwing
 + Level 2.4 Armour
 + Level 3.6 Dodging
 + Level 4.7 Stealth


You had 5 spell levels left.
You didn't know any spells.
Your spell library was empty.

Dungeon Overview and Level Annotations

Branches:
Dungeon (2/15)

Altars:
Trog

Annotations:
D:4 2 transporters


Innate Abilities, Weirdness & Mutations

You cannot wear boots.
Your serpentine skin is tough. (AC +2)
You have supernaturally acute eyesight. (SInv)
Armour fits poorly on your strangely shaped body.
Your system is resistant to poisons. (rPois)
You cover ground very slowly.
You can spit poison.


Message History

A giant cockroach comes into view.
The ogre hits you with a +0 giant club!
You slash the ogre!
The ogre is heavily wounded.
You have got your breath back.
The ogre hits you with a +0 giant club!!
* * * LOW HITPOINT WARNING * * *
Unknown command.
You hit the ogre.
The ogre is heavily wounded.
The orc completely misses you. The ogre closely misses you.
Press: ? - help, Shift-Dir - straight line, f/p - ogre
Aim: an ogre, wielding a +0 giant club (heavily wounded)
The splash of poison hits the ogre.
The ogre is severely wounded.
The giant cockroach barely misses you.
The ogre hits you with a +0 giant club!!
Ouch! That really hurt!
You die...

#####.....#..#.......#.#
..†.......#..#.......#.#
.####.....##....._.....#
.#...<....##.#.......#.#
.#.##[....##.#.......#
## #.....##.##.....## .#
#.....##.####.####.. .#
###.####............# .#
#.# ###.#@.###.#.# .#
##.O#s###.. .#
#.......... .#
#.!......## .#
#........# .#
.[........# .##........#
.. #........# .
#........#


You could see an ogre and a giant cockroach.

Vanquished Creatures
  Edmund (D:4)
  A hound (D:4)
  A gnoll shaman (D:4)
  Natasha (D:4)
  2 worker ants (D:4)
  A hound skeleton (D:4)
  5 gnolls (D:4)
  2 adders
  2 dart slugs
  A leopard gecko (D:1)
  An orc (D:4)
  6 giant cockroaches
  4 goblins (D:1)
  2 hobgoblins (D:1)
  7 jackals
  3 kobolds (D:1)
  A quokka (D:4)
  6 bats
  3 frilled lizards
  5 rats (D:1)
55 creatures vanquished.

Notes
Turn   | Place    | Note
-------+----------+-------------------------------------------
     0 | D:1      | KristoblXynda the Naga Gladiator began the quest for the
                  | Orb.
     0 | D:1      | Reached XP level 1. HP: 19/19 MP: 1/1
   270 | D:1      | Reached XP level 2. HP: 17/26 MP: 2/2
   756 | D:1      | Reached skill level 1 in Stealth
   927 | D:1      | Reached XP level 3. HP: 32/32 MP: 3/3
  1316 | D:2      | Reached skill level 1 in Armour
  1457 | D:2      | You fall into a shaft and drop 2 floors!
  1488 | D:4      | Reached XP level 4. HP: 28/39 MP: 4/4
  1584 | D:4      | Noticed Edmund
  1608 | D:4      | Killed Edmund
  1608 | D:4      | Reached XP level 5. HP: 30/45 MP: 5/5
  1926 | D:4      | Reached XP level 6. HP: 51/52 MP: 6/6
  2094 | D:4      | Found a transporter.
  2261 | D:4      | Found a transporter.
  2495 | D:4      | Noticed Natasha
  2497 | D:4      | Found a bloodstained altar of Trog.
  2507 | D:4      | Killed Natasha
  2533 | D:4      | Demolished by an ogre

Illustrated notes

Levels and vault maps discovered:
D:1:      minmay_arrival_four_loops, layout_basic, patterned_corridor
D:2:      layout_loops_ring, grunt_temple_overflow_cloverleaf,
          minmay_misc_feat_pillars, uniq_robin
D:4:      gammafunk_steamed_eel, layout_basic, old_standard_altar, st_stairs_12,
          uniq_edmund, uniq_natasha

Skill      XL: |  1  2  3  4  5 |
---------------+----------------+-----
Throwing       | 2 |  2.0
Stealth        | 1 2 3 4 |  4.7
Armour         | 1 2 |  2.4
Dodging        | 3 |  3.6
Long Blades    | 4 |  4.4
Fighting       | |  2.0

Action                   |  1- 3 |  4- 6 || total
-------------------------+-------+-------++-------
Melee: Long sword        |   117 |    98 ||   215
 Abil: Spit Poison       |     3 |    12 ||    15
Evoke: Wand              |       |     1 ||     1
  Use: Scroll            |       |     2 ||     2
 Stab: Sleeping          |     2 |       ||     2
Armor: Ring mail         |    60 |     1 ||    61
       Skin              |       |    10 ||    10
       Scale mail        |       |    29 ||    29
Dodge: Dodged            |    77 |    69 ||   146
       Rpst.: Long sword |    22 |    20 ||    42

Table legend: (Time is in decaauts)
 A = Elapsed time spent in this place.
 B = Non-inter-level travel time spent in this place.
 C = Inter-level travel time spent in this place.
 D = Time resting spent in this place.
 E = Time spent auto-exploring this place.
 F = Levels seen in this place.
 G = Mean time per level.
                   A        B        C        D        E       F      G
               +--------+--------+--------+--------+--------+-----+--------+
         Total |   3020 |   2957 |     63 |    868 |   1389 |   3 | 1006.7 |
       Dungeon |   3020 |   2957 |     63 |    868 |   1389 |   3 | 1006.7 |
               +--------+--------+--------+--------+--------+-----+--------+

Top non-repeatable levels by time:
     D:1: 1567 daAuts
     D:4: 1262 daAuts
     D:2: 190 daAuts
